[ AOE2 MATCH · #477938516 ]
UnrankedPersians vs Vietnamese
[ REPLAY ANALYSIS · EXTRACTED FROM THE RECORDED GAME ]
Feudal
14:50
Castle
18:01
Imperial
33:12
| APM avg | 36.6 |
| APM peak | 65 |
| eAPM avg | 22.0 |
| Villagers / military | 129 / 85 |
Focus
⚔️ 26.7% · 🌾 73.3%
Knight ×69 · Unknown (2626) ×27 · Fishing Ship ×19 · Scout Cavalry ×16
Feudal
14:02
Castle
18:27
Imperial
—
| APM avg | 51.2 |
| APM peak | 83 |
| eAPM avg | 21.3 |
| Villagers / military | 98 / 42 |
Focus
⚔️ 32.5% · 🌾 67.5%
Coustillier ×28 · Fishing Ship ×25 · Galley ×9 · Mangonel ×3 · Monk ×2
Feudal
13:53
Castle
19:10
Imperial
—
| APM avg | 23.1 |
| APM peak | 87 |
| eAPM avg | 10.1 |
| Villagers / military | 50 / 17 |
Focus
⚔️ 28.9% · 🌾 71.1%
Rattan Archer ×13 · Fishing Ship ×8 · Mangonel ×2 · Demolition Raft ×2
Feudal
14:06
Castle
18:05
Imperial
33:28
| APM avg | 20.4 |
| APM peak | 56 |
| eAPM avg | 13.6 |
| Villagers / military | 94 / 54 |
Focus
⚔️ 38.2% · 🌾 61.8%
Fishing Ship ×35 · Elephant Archer ×23 · Fire Galley ×19 · Unknown (2626) ×13 · Demolition Raft ×8 · Bombard Cannon ×4
Feudal
11:53
Castle
23:18
Imperial
—
| APM avg | 35.6 |
| APM peak | 89 |
| eAPM avg | 16.5 |
| Villagers / military | 121 / 72 |
Focus
⚔️ 31.0% · 🌾 69.0%
Archer ×53 · Genoese Crossbowman ×18 · Fishing Ship ×5 · Mangonel ×1
Feudal
12:44
Castle
19:58
Imperial
—
| APM avg | 32.7 |
| APM peak | 59 |
| eAPM avg | 18.5 |
| Villagers / military | 105 / 11 |
Focus
⚔️ 22.9% · 🌾 77.1%
Unknown (2626) ×15 · Fire Galley ×7 · Fishing Ship ×6 · Monk ×4
Feudal
14:15
Castle
18:11
Imperial
—
| APM avg | 44.1 |
| APM peak | 72 |
| eAPM avg | 20.1 |
| Villagers / military | 71 / 36 |
Focus
⚔️ 28.6% · 🌾 71.4%
Conquistador ×25 · Battering Ram ×10 · Fishing Ship ×9 · Unknown (2626) ×5 · Mangonel ×1
Feudal
12:28
Castle
17:18
Imperial
36:35
| APM avg | 29.2 |
| APM peak | 48 |
| eAPM avg | 17.6 |
| Villagers / military | 142 / 49 |
Focus
⚔️ 25.6% · 🌾 74.4%
Camel Scout ×30 · Fishing Ship ×9 · Fire Galley ×8 · Skirmisher ×6 · Unknown (2626) ×6 · Knight ×4
Match map
Initial resources + every placement click. Lines = walls · curves = elevation contours. ◆ gold · ⬟ stone · ● berries · ✦ relic · ◌ wall gap
Your base· Open — 8t gap
DugTheDog's base· Open — unwalled flank
TabA_ausitin's base· Open — 12t gap
far_costa's base· Open — unwalled flank
TabA_Falcostrix's base· Open — 8t gap
Ligéis's base· Open — unwalled flank
[TMG] purple's base· Open — 4t gap
Jesus Omega's base· Open — 10t gap
Smoothed initial terrain · ◌ = detected wall gap · hover for details
Inputs per minute
— Bycol Wannabe - - DugTheDog
Build order — Bycol Wannabe
First 150 of 442 actions detected
| 0:19 | Build | Town Center |
| 0:46 | Build | Dock |
| 2:53 | Create | Fishing Ship |
| 3:18 | Create | Villager (Male) |
| 3:18 | Create | Villager (Male) |
| 3:18 | Create | Villager (Male) |
| 3:19 | Create | Villager (Male) |
| 3:19 | Create | Villager (Male) |
| 4:06 | Create | Villager (Male) |
| 4:15 | Create | Fishing Ship |
| 4:33 | Build | House |
| 4:53 | Create | Villager (Male) |
| 5:29 | Create | Fishing Ship |
| 5:53 | Create | Villager (Male) |
| 6:01 | Build | House |
| 6:09 | Create | Villager (Male) |
| 6:20 | Create | Fishing Ship |
| 6:42 | Build | House |
| 6:43 | Create | Villager (Male) |
| 6:54 | Create | Villager (Male) |
| 7:00 | Create | Fishing Ship |
| 7:26 | Build | House |
| 7:41 | Create | Fishing Ship |
| 7:42 | Create | Villager (Male) |
| 8:05 | Create | Villager (Male) |
| 8:06 | Create | Fishing Ship |
| 8:36 | Create | Villager (Male) |
| 8:40 | Build | Dock |
| 8:57 | Create | Fishing Ship |
| 9:03 | Create | Villager (Male) |
| 9:17 | Build | House |
| 9:20 | Create | Fishing Ship |
| 9:34 | Create | Villager (Male) |
| 9:35 | Create | Fishing Ship |
| 9:50 | Create | Villager (Male) |
| 9:50 | Create | Fishing Ship |
| 10:06 | Create | Villager (Male) |
| 10:07 | Create | Fishing Ship |
| 10:22 | Create | Fishing Ship |
| 10:25 | Build | House |
| 10:36 | Create | Villager (Male) |
| 10:45 | Create | Fishing Ship |
| 10:55 | Build | House |
| 11:09 | Build | Lumber Camp |
| 11:11 | Create | Villager (Male) |
| 11:15 | Create | Fishing Ship |
| 11:25 | Create | Villager (Male) |
| 11:52 | Build | Dock |
| 11:55 | Create | Villager (Male) |
| 11:59 | Create | Fishing Ship |
| 12:15 | Create | Fishing Ship |
| 12:22 | Research | Loom |
| 12:29 | Create | Fishing Ship |
| 12:45 | Research | Feudal Age |
| 13:00 | Build | Mining Camp |
| 13:07 | Create | Fishing Ship |
| 13:14 | Build | Mining Camp |
| 13:32 | Build | Barracks |
| 13:39 | Create | Villager (Male) |
| 14:50 | Age | Feudal Age |
| 14:51 | Build | Stable |
| 14:53 | Build | Blacksmith |
| 14:57 | Create | Villager (Male) |
| 15:00 | Research | Double-Bit Axe |
| 15:36 | Research | Castle Age |
| 15:42 | Create | Unit 2626 |
| 15:43 | Create | Unit 2626 |
| 15:43 | Create | Unit 2626 |
| 15:54 | Create | Unit 2626 |
| 15:56 | Create | Scout Cavalry |
| 16:07 | Create | Unit 2626 |
| 16:16 | Create | Scout Cavalry |
| 16:20 | Create | Unit 2626 |
| 16:22 | Create | Unit 2626 |
| 16:22 | Create | Unit 2626 |
| 16:39 | Create | Scout Cavalry |
| 16:46 | Research | Scale Barding Armor |
| 17:12 | Create | Unit 2626 |
| 17:12 | Create | Unit 2626 |
| 17:12 | Create | Unit 2626 |
| 17:16 | Create | Villager (Male) |
| 17:19 | Build | House |
| 17:33 | Create | Villager (Male) |
| 17:35 | Create | Scout Cavalry |
| 17:36 | Create | Scout Cavalry |
| 17:45 | Create | Unit 2626 |
| 17:45 | Create | Unit 2626 |
| 17:51 | Research | Tech 906 |
| 18:01 | Age | Castle Age |
| 18:04 | Research | Light Cavalry (upgrade) |
| 18:04 | Research | Light Cavalry (upgrade) |
| 18:21 | Research | Husbandry |
| 18:34 | Create | Villager (Male) |
| 18:45 | Build | Town Center |
| 18:49 | Build | Town Center |
| 19:03 | Create | Scout Cavalry |
| 19:09 | Build | Stable |
| 19:15 | Research | Chain Barding Armor |
| 19:24 | Create | Unit 2626 |
| 19:25 | Create | Unit 2626 |
| 19:27 | Create | Villager (Male) |
| 19:30 | Build | House |
| 19:32 | Build | House |
| 19:53 | Create | Unit 2626 |
| 19:56 | Build | House |
| 20:00 | Create | Villager (Male) |
| 20:03 | Create | Scout Cavalry |
| 20:06 | Create | Scout Cavalry |
| 20:37 | Create | Villager (Male) |
| 20:37 | Create | Villager (Male) |
| 20:38 | Create | Villager (Male) |
| 20:38 | Create | Villager (Male) |
| 20:39 | Create | Scout Cavalry |
| 20:39 | Create | Scout Cavalry |
| 20:52 | Create | Scout Cavalry |
| 20:52 | Create | Scout Cavalry |
| 20:57 | Create | Villager (Male) |
| 20:57 | Create | Villager (Male) |
| 21:04 | Create | Unit 2626 |
| 21:05 | Create | Unit 2626 |
| 21:05 | Create | Unit 2626 |
| 21:16 | Create | Scout Cavalry |
| 21:16 | Create | Scout Cavalry |
| 21:23 | Create | Villager (Male) |
| 21:23 | Create | Villager (Male) |
| 21:37 | Create | Scout Cavalry |
| 21:39 | Create | Villager (Male) |
| 21:45 | Create | Villager (Male) |
| 21:45 | Create | Villager (Male) |
| 21:59 | Create | Scout Cavalry |
| 22:06 | Create | Knight |
| 22:06 | Create | Knight |
| 22:07 | Create | Villager (Male) |
| 22:14 | Create | Knight |
| 22:21 | Build | Outpost |
| 22:25 | Build | Mill |
| 22:27 | Create | Villager (Male) |
| 22:49 | Create | Villager (Male) |
| 22:49 | Create | Villager (Male) |
| 22:49 | Create | Villager (Male) |
| 22:50 | Create | Villager (Male) |
| 22:50 | Create | Villager (Male) |
| 22:52 | Build | Outpost |
| 22:58 | Create | Villager (Male) |
| 23:07 | Research | War Galley (upgrade) |
| 23:23 | Create | Unit 2626 |
| 23:24 | Create | Unit 2626 |
| 23:24 | Create | Unit 2626 |
| 23:24 | Create | Unit 2626 |
| 23:24 | Create | Unit 2626 |
Build order — DugTheDog
First 150 of 269 actions detected
| 0:05 | Build | Town Center |
| 0:31 | Build | Dock |
| 2:36 | Create | Villager (Male) |
| 2:37 | Create | Villager (Male) |
| 2:37 | Create | Villager (Male) |
| 2:37 | Create | Villager (Male) |
| 2:38 | Create | Villager (Male) |
| 3:08 | Create | Villager (Male) |
| 3:08 | Create | Villager (Male) |
| 3:32 | Create | Fishing Ship |
| 3:32 | Create | Fishing Ship |
| 4:00 | Build | House |
| 4:05 | Research | Loom |
| 4:05 | Research | Loom |
| 4:28 | Create | Fishing Ship |
| 4:28 | Create | Fishing Ship |
| 5:09 | Create | Villager (Male) |
| 5:09 | Create | Villager (Male) |
| 5:18 | Create | Fishing Ship |
| 5:34 | Build | House |
| 5:46 | Create | Villager (Male) |
| 6:18 | Create | Villager (Male) |
| 6:18 | Create | Villager (Male) |
| 6:21 | Create | Fishing Ship |
| 6:21 | Create | Fishing Ship |
| 6:41 | Create | Villager (Male) |
| 6:42 | Create | Villager (Male) |
| 7:08 | Create | Villager (Male) |
| 7:08 | Create | Villager (Male) |
| 7:12 | Create | Fishing Ship |
| 7:12 | Create | Fishing Ship |
| 7:19 | Create | Villager (Male) |
| 7:19 | Create | Villager (Male) |
| 7:46 | Create | Villager (Male) |
| 7:47 | Create | Villager (Male) |
| 7:49 | Build | House |
| 8:14 | Create | Fishing Ship |
| 8:17 | Create | Villager (Male) |
| 8:50 | Create | Villager (Male) |
| 8:57 | Create | Villager (Male) |
| 9:00 | Create | Fishing Ship |
| 9:02 | Build | House |
| 9:37 | Create | Fishing Ship |
| 9:41 | Create | Villager (Male) |
| 10:17 | Build | House |
| 10:18 | Create | Villager (Male) |
| 10:21 | Create | Fishing Ship |
| 10:43 | Build | House |
| 10:57 | Build | Mining Camp |
| 10:59 | Create | Villager (Male) |
| 11:27 | Create | Villager (Male) |
| 11:45 | Research | Feudal Age |
| 11:45 | Research | Feudal Age |
| 11:49 | Build | Dock |
| 12:16 | Build | Lumber Camp |
| 12:37 | Build | Mining Camp |
| 13:06 | Research | Double-Bit Axe |
| 13:06 | Research | Double-Bit Axe |
| 14:02 | Age | Feudal Age |
| 14:04 | Build | House |
| 14:07 | Create | Villager (Male) |
| 14:07 | Create | Villager (Male) |
| 14:19 | Build | Mill |
| 14:25 | Build | Blacksmith |
| 14:32 | Create | Galley |
| 14:32 | Create | Galley |
| 14:46 | Create | Villager (Male) |
| 14:50 | Build | Market |
| 14:57 | Research | Town Watch |
| 15:47 | Research | Castle Age |
| 15:47 | Research | Castle Age |
| 15:59 | Create | Galley |
| 15:59 | Create | Galley |
| 16:04 | Create | Galley |
| 16:04 | Create | Galley |
| 16:12 | Create | Villager (Male) |
| 16:44 | Create | Villager (Male) |
| 16:47 | Build | House |
| 17:02 | Create | Galley |
| 17:20 | Create | Galley |
| 17:21 | Create | Galley |
| 17:31 | Build | Outpost |
| 17:36 | Create | Villager (Male) |
| 18:24 | Create | Villager (Male) |
| 18:27 | Age | Castle Age |
| 18:43 | Build | Outpost |
| 19:14 | Build | House |
| 19:21 | Create | Villager (Male) |
| 19:28 | Build | Gate |
| 19:43 | Build | Siege Workshop |
| 19:51 | Build | Castle |
| 20:02 | Create | Villager (Male) |
| 20:13 | Build | House |
| 20:39 | Create | Coustillier |
| 20:39 | Create | Coustillier |
| 20:55 | Research | Scale Mail Armor |
| 20:55 | Research | Scale Barding Armor |
| 20:57 | Create | Villager (Male) |
| 21:01 | Research | Bow Saw |
| 21:15 | Create | Coustillier |
| 21:24 | Create | Coustillier |
| 21:26 | Create | Villager (Male) |
| 21:26 | Create | Villager (Male) |
| 21:32 | Build | Outpost |
| 21:55 | Create | Coustillier |
| 21:58 | Create | Villager (Male) |
| 22:42 | Build | Outpost |
| 22:43 | Create | Villager (Male) |
| 22:52 | Create | Villager (Male) |
| 22:56 | Build | Mill |
| 23:24 | Build | Farm |
| 23:24 | Build | Farm |
| 23:24 | Build | Farm |
| 23:25 | Build | Farm |
| 23:25 | Build | Farm |
| 23:25 | Build | Farm |
| 23:26 | Build | Farm |
| 23:26 | Build | Farm |
| 23:26 | Build | Farm |
| 23:28 | Research | Horse Collar |
| 23:28 | Research | Horse Collar |
| 23:45 | Create | Villager (Male) |
| 23:51 | Build | Farm |
| 24:10 | Build | Farm |
| 24:13 | Create | Villager (Male) |
| 24:13 | Create | Villager (Male) |
| 24:36 | Build | Lumber Camp |
| 24:39 | Create | Coustillier |
| 24:39 | Create | Coustillier |
| 24:49 | Build | House |
| 24:54 | Create | Villager (Male) |
| 25:13 | Create | Villager (Male) |
| 25:16 | Build | Farm |
| 25:28 | Create | Villager (Male) |
| 25:36 | Build | Siege Workshop |
| 25:39 | Create | Coustillier |
| 25:57 | Create | Villager (Male) |
| 26:00 | Create | Coustillier |
| 26:00 | Create | Coustillier |
| 26:07 | Build | Outpost |
| 26:18 | Create | Villager (Male) |
| 26:26 | Build | Farm |
| 26:26 | Build | Farm |
| 26:27 | Build | Farm |
| 26:32 | Create | Coustillier |
| 26:32 | Create | Coustillier |
| 26:58 | Create | Villager (Male) |
| 26:59 | Create | Coustillier |
| 27:00 | Create | Coustillier |
| 27:04 | Build | House |
Build order — TabA_ausitin
122 actions detected in the replay
| 0:26 | Build | Dock |
| 1:16 | Build | Town Center |
| 3:28 | Create | Villager (Male) |
| 3:28 | Create | Villager (Male) |
| 3:28 | Create | Villager (Male) |
| 3:29 | Create | Villager (Male) |
| 3:29 | Create | Villager (Male) |
| 4:47 | Create | Fishing Ship |
| 5:04 | Create | Villager (Male) |
| 5:36 | Build | House |
| 5:43 | Research | Loom |
| 6:13 | Create | Fishing Ship |
| 6:33 | Create | Villager (Male) |
| 6:35 | Create | Villager (Male) |
| 7:06 | Build | House |
| 7:07 | Build | House |
| 7:08 | Build | House |
| 7:33 | Create | Villager (Male) |
| 7:39 | Create | Villager (Male) |
| 7:39 | Create | Villager (Male) |
| 7:49 | Create | Fishing Ship |
| 8:14 | Create | Fishing Ship |
| 8:41 | Create | Villager (Male) |
| 8:57 | Create | Villager (Male) |
| 8:58 | Create | Villager (Male) |
| 8:59 | Create | Fishing Ship |
| 9:46 | Create | Villager (Male) |
| 9:47 | Create | Villager (Male) |
| 9:52 | Create | Fishing Ship |
| 10:38 | Create | Villager (Male) |
| 10:40 | Build | Mining Camp |
| 11:03 | Create | Villager (Male) |
| 11:10 | Create | Fishing Ship |
| 11:35 | Research | Feudal Age |
| 11:43 | Build | House |
| 11:50 | Build | House |
| 11:51 | Build | House |
| 12:57 | Build | Mill |
| 13:02 | Create | Villager (Male) |
| 13:02 | Create | Villager (Male) |
| 13:20 | Build | Outpost |
| 13:25 | Build | Outpost |
| 13:53 | Age | Feudal Age |
| 14:19 | Build | Blacksmith |
| 14:30 | Create | Villager (Male) |
| 15:35 | Create | Villager (Male) |
| 15:40 | Build | Market |
| 16:00 | Build | Lumber Camp |
| 16:05 | Create | Villager (Male) |
| 16:24 | Research | Castle Age |
| 16:28 | Research | Double-Bit Axe |
| 17:54 | Research | Fletching |
| 18:42 | Create | Villager (Male) |
| 18:42 | Create | Villager (Male) |
| 19:10 | Age | Castle Age |
| 19:13 | Build | Castle |
| 19:46 | Create | Villager (Male) |
| 19:59 | Build | Mining Camp |
| 20:02 | Create | Villager (Male) |
| 20:10 | Build | Lumber Camp |
| 20:13 | Create | Rattan Archer |
| 20:15 | Create | Rattan Archer |
| 20:26 | Build | University |
| 20:35 | Create | Rattan Archer |
| 20:42 | Research | Bodkin Arrow |
| 20:45 | Create | Demolition Raft |
| 20:51 | Create | Demolition Raft |
| 20:52 | Create | Fishing Ship |
| 20:58 | Create | Villager (Male) |
| 21:05 | Build | Town Center |
| 21:11 | Create | Rattan Archer |
| 21:20 | Create | Villager (Male) |
| 21:31 | Create | Villager (Male) |
| 21:42 | Create | Rattan Archer |
| 22:08 | Create | Villager (Male) |
| 22:16 | Create | Villager (Male) |
| 22:25 | Create | Rattan Archer |
| 22:51 | Create | Rattan Archer |
| 23:03 | Create | Rattan Archer |
| 23:07 | Create | Villager (Male) |
| 23:09 | Create | Villager (Male) |
| 23:32 | Build | Lumber Camp |
| 23:40 | Create | Rattan Archer |
| 23:53 | Create | Rattan Archer |
| 25:25 | Create | Villager (Male) |
| 25:55 | Create | Rattan Archer |
| 25:55 | Create | Rattan Archer |
| 26:06 | Build | Castle |
| 26:21 | Create | Rattan Archer |
| 27:03 | Create | Villager (Male) |
| 28:24 | Build | Siege Workshop |
| 29:05 | Create | Mangonel |
| 29:28 | Build | Town Center |
| 29:31 | Build | Town Center |
| 30:24 | Build | Lumber Camp |
| 31:43 | Create | Mangonel |
| 33:49 | Create | Villager (Male) |
| 33:49 | Create | Villager (Male) |
| 34:11 | Create | Villager (Male) |
| 34:11 | Create | Villager (Male) |
| 34:58 | Build | Farm |
| 35:01 | Build | Farm |
| 35:07 | Build | Farm |
| 35:29 | Build | Farm |
| 35:31 | Build | Farm |
| 35:35 | Build | Farm |
| 35:39 | Build | Farm |
| 35:42 | Build | Farm |
| 35:49 | Build | Farm |
| 36:01 | Build | Town Center |
| 36:11 | Build | Farm |
| 36:15 | Build | Farm |
| 37:14 | Create | Villager (Male) |
| 37:15 | Create | Villager (Male) |
| 37:19 | Create | Villager (Male) |
| 37:19 | Create | Villager (Male) |
| 37:20 | Create | Villager (Male) |
| 37:20 | Create | Villager (Male) |
| 37:28 | Create | Villager (Male) |
| 38:04 | Create | Villager (Male) |
| 38:04 | Create | Villager (Male) |
| 38:04 | Create | Villager (Male) |
Build order — far_costa
First 150 of 258 actions detected
| 0:12 | Build | Town Center |
| 1:46 | Build | Dock |
| 2:35 | Create | Villager (Male) |
| 2:35 | Create | Villager (Male) |
| 2:35 | Create | Villager (Male) |
| 2:37 | Create | Villager (Male) |
| 3:04 | Create | Fishing Ship |
| 4:05 | Build | House |
| 4:13 | Research | Loom |
| 4:32 | Create | Villager (Male) |
| 4:49 | Create | Villager (Male) |
| 5:01 | Create | Villager (Male) |
| 5:19 | Create | Fishing Ship |
| 5:53 | Create | Villager (Male) |
| 6:05 | Build | Palisade Wall |
| 6:10 | Build | House |
| 6:16 | Create | Villager (Male) |
| 6:35 | Create | Villager (Male) |
| 6:44 | Create | Fishing Ship |
| 6:49 | Create | Fishing Ship |
| 7:09 | Create | Villager (Male) |
| 7:25 | Build | Mill |
| 7:27 | Create | Villager (Male) |
| 7:27 | Create | Villager (Male) |
| 7:38 | Create | Villager (Male) |
| 7:57 | Create | Fishing Ship |
| 8:10 | Build | House |
| 8:36 | Create | Villager (Male) |
| 8:36 | Create | Villager (Male) |
| 8:36 | Create | Villager (Male) |
| 8:38 | Create | Fishing Ship |
| 8:38 | Create | Fishing Ship |
| 8:41 | Build | House |
| 9:12 | Build | Mill |
| 9:16 | Create | Villager (Male) |
| 9:23 | Create | Villager (Male) |
| 9:52 | Create | Villager (Male) |
| 10:14 | Create | Fishing Ship |
| 10:22 | Build | Dock |
| 10:34 | Create | Villager (Male) |
| 10:59 | Create | Villager (Male) |
| 11:01 | Create | Fishing Ship |
| 11:01 | Create | Fishing Ship |
| 11:28 | Create | Villager (Male) |
| 11:39 | Build | Dock |
| 11:56 | Research | Feudal Age |
| 12:04 | Build | Lumber Camp |
| 12:15 | Build | Palisade Wall |
| 12:19 | Build | Palisade Wall |
| 12:29 | Create | Villager (Male) |
| 13:30 | Create | Villager (Male) |
| 13:41 | Create | Fishing Ship |
| 13:41 | Create | Fishing Ship |
| 13:41 | Create | Fishing Ship |
| 14:06 | Age | Feudal Age |
| 14:08 | Build | Mining Camp |
| 14:13 | Build | Market |
| 14:16 | Build | Blacksmith |
| 14:34 | Create | Villager (Male) |
| 14:38 | Research | Town Watch |
| 14:52 | Create | Villager (Male) |
| 15:25 | Research | Castle Age |
| 15:27 | Research | Double-Bit Axe |
| 15:37 | Create | Fire Galley |
| 15:37 | Create | Fire Galley |
| 15:53 | Research | Tech 906 |
| 15:56 | Create | Fire Galley |
| 15:56 | Create | Fire Galley |
| 16:07 | Create | Villager (Male) |
| 16:07 | Create | Villager (Male) |
| 16:19 | Create | Fire Galley |
| 16:24 | Build | House |
| 17:13 | Build | Mining Camp |
| 17:34 | Create | Villager (Male) |
| 18:05 | Age | Castle Age |
| 18:32 | Create | Villager (Male) |
| 18:41 | Research | War Galley (upgrade) |
| 18:43 | Create | Unit 2626 |
| 18:43 | Create | Unit 2626 |
| 19:11 | Research | Gillnets |
| 19:13 | Create | Fire Galley |
| 19:13 | Create | Fire Galley |
| 19:14 | Create | Fire Galley |
| 19:20 | Build | Mining Camp |
| 19:28 | Create | Villager (Male) |
| 19:28 | Create | Villager (Male) |
| 19:32 | Research | Wheelbarrow |
| 19:34 | Create | Villager (Male) |
| 19:38 | Build | House |
| 19:39 | Build | House |
| 19:41 | Build | House |
| 19:49 | Create | Villager (Male) |
| 19:54 | Research | Bow Saw |
| 20:19 | Create | Villager (Male) |
| 20:19 | Create | Villager (Male) |
| 20:36 | Build | University |
| 20:39 | Create | Villager (Male) |
| 20:39 | Create | Villager (Male) |
| 22:07 | Create | Unit 2626 |
| 22:08 | Create | Unit 2626 |
| 22:08 | Create | Unit 2626 |
| 22:08 | Create | Unit 2626 |
| 22:11 | Create | Villager (Male) |
| 22:23 | Create | Unit 2626 |
| 22:23 | Create | Unit 2626 |
| 22:24 | Create | Unit 2626 |
| 22:24 | Create | Unit 2626 |
| 22:26 | Create | Villager (Male) |
| 22:26 | Create | Villager (Male) |
| 22:33 | Create | Villager (Male) |
| 22:54 | Build | Town Center |
| 22:58 | Create | Villager (Male) |
| 22:58 | Create | Villager (Male) |
| 23:12 | Research | Forging |
| 23:13 | Create | Villager (Male) |
| 23:20 | Create | Villager (Male) |
| 23:20 | Create | Villager (Male) |
| 23:27 | Create | Villager (Male) |
| 23:55 | Create | Unit 2626 |
| 23:55 | Create | Unit 2626 |
| 23:55 | Create | Unit 2626 |
| 23:56 | Create | Fire Galley |
| 23:56 | Create | Fire Galley |
| 23:56 | Create | Fire Galley |
| 23:58 | Create | Villager (Male) |
| 23:59 | Create | Villager (Male) |
| 23:59 | Create | Villager (Male) |
| 23:59 | Create | Villager (Male) |
| 24:00 | Create | Villager (Male) |
| 24:09 | Create | Villager (Male) |
| 24:09 | Create | Villager (Male) |
| 24:16 | Create | Villager (Male) |
| 24:16 | Create | Villager (Male) |
| 24:37 | Research | Tech 909 |
| 24:38 | Research | Tech 908 |
| 24:40 | Create | Villager (Male) |
| 24:44 | Build | House |
| 24:46 | Build | House |
| 24:46 | Build | House |
| 24:46 | Build | House |
| 24:49 | Create | Villager (Male) |
| 25:12 | Create | Villager (Male) |
| 25:20 | Build | Town Center |
| 25:22 | Create | Villager (Male) |
| 25:34 | Create | Fire Galley |
| 25:34 | Create | Fire Galley |
| 25:36 | Create | Villager (Male) |
| 25:36 | Create | Villager (Male) |
| 25:54 | Create | Fire Galley |
| 25:54 | Create | Fire Galley |
Build order — TabA_Falcostrix
First 150 of 296 actions detected
| 0:29 | Build | Town Center |
| 0:42 | Build | Dock |
| 2:42 | Create | Villager (Male) |
| 2:43 | Create | Villager (Male) |
| 2:43 | Create | Villager (Male) |
| 2:43 | Create | Villager (Male) |
| 3:22 | Create | Villager (Male) |
| 3:26 | Create | Fishing Ship |
| 4:03 | Create | Fishing Ship |
| 4:46 | Research | Loom |
| 4:54 | Build | House |
| 4:58 | Create | Villager (Male) |
| 5:24 | Build | House |
| 5:39 | Create | Villager (Male) |
| 5:51 | Create | Villager (Male) |
| 6:02 | Create | Fishing Ship |
| 6:21 | Create | Villager (Male) |
| 6:49 | Create | Fishing Ship |
| 6:50 | Create | Villager (Male) |
| 7:17 | Create | Villager (Male) |
| 7:18 | Build | House |
| 7:25 | Create | Villager (Male) |
| 7:48 | Build | House |
| 7:58 | Create | Villager (Male) |
| 8:12 | Build | Palisade Wall |
| 8:18 | Create | Fishing Ship |
| 8:47 | Create | Villager (Male) |
| 8:50 | Create | Villager (Male) |
| 9:20 | Build | Lumber Camp |
| 9:43 | Research | Feudal Age |
| 10:49 | Build | Mining Camp |
| 11:08 | Create | Villager (Male) |
| 11:20 | Build | Barracks |
| 11:53 | Age | Feudal Age |
| 12:08 | Build | Archery Range |
| 12:09 | Create | Villager (Male) |
| 12:24 | Create | Villager (Male) |
| 12:32 | Research | Double-Bit Axe |
| 12:40 | Build | Palisade Wall |
| 12:51 | Create | Archer |
| 12:51 | Create | Archer |
| 12:52 | Create | Villager (Male) |
| 13:15 | Create | Archer |
| 13:22 | Build | Archery Range |
| 13:24 | Build | Palisade Wall |
| 13:27 | Build | Palisade Wall |
| 13:33 | Create | Villager (Male) |
| 13:38 | Create | Villager (Male) |
| 14:02 | Build | House |
| 14:04 | Create | Archer |
| 14:04 | Create | Archer |
| 14:06 | Build | House |
| 14:16 | Create | Villager (Male) |
| 14:17 | Create | Archer |
| 14:22 | Research | Wheelbarrow |
| 14:30 | Build | House |
| 14:32 | Build | House |
| 14:47 | Build | Blacksmith |
| 15:07 | Create | Villager (Male) |
| 15:08 | Create | Archer |
| 15:13 | Create | Archer |
| 15:39 | Create | Villager (Male) |
| 15:40 | Create | Archer |
| 15:40 | Create | Archer |
| 15:44 | Research | Fletching |
| 15:48 | Build | House |
| 15:49 | Build | House |
| 15:50 | Build | House |
| 15:58 | Create | Archer |
| 16:13 | Create | Villager (Male) |
| 16:14 | Create | Archer |
| 16:33 | Create | Villager (Male) |
| 16:46 | Build | Mill |
| 16:54 | Create | Archer |
| 16:55 | Create | Villager (Male) |
| 16:57 | Create | Archer |
| 17:10 | Create | Archer |
| 17:28 | Create | Villager (Male) |
| 17:35 | Create | Villager (Male) |
| 17:36 | Create | Archer |
| 17:39 | Build | House |
| 17:41 | Research | Horse Collar |
| 17:52 | Create | Villager (Male) |
| 18:18 | Create | Villager (Male) |
| 18:19 | Create | Archer |
| 18:19 | Create | Archer |
| 18:37 | Create | Archer |
| 18:42 | Create | Villager (Male) |
| 18:43 | Create | Archer |
| 18:53 | Build | Market |
| 18:59 | Create | Villager (Male) |
| 18:59 | Create | Archer |
| 19:03 | Create | Archer |
| 19:27 | Create | Villager (Male) |
| 19:44 | Create | Archer |
| 19:44 | Create | Archer |
| 20:38 | Research | Castle Age |
| 21:00 | Create | Archer |
| 21:00 | Create | Archer |
| 21:22 | Build | Farm |
| 21:23 | Build | Farm |
| 21:25 | Build | Farm |
| 21:37 | Create | Archer |
| 21:37 | Create | Archer |
| 21:42 | Create | Villager (Male) |
| 22:08 | Create | Villager (Male) |
| 22:28 | Create | Archer |
| 22:28 | Create | Archer |
| 22:40 | Create | Villager (Male) |
| 22:46 | Build | Farm |
| 22:48 | Build | Farm |
| 23:18 | Age | Castle Age |
| 23:21 | Research | Bodkin Arrow |
| 23:30 | Research | Crossbowman (upgrade) |
| 23:31 | Create | Archer |
| 23:45 | Create | Villager (Male) |
| 23:54 | Build | Town Center |
| 23:55 | Create | Villager (Male) |
| 23:58 | Build | Town Center |
| 24:00 | Create | Archer |
| 24:00 | Create | Archer |
| 24:06 | Create | Archer |
| 24:06 | Create | Archer |
| 24:18 | Create | Archer |
| 24:18 | Create | Archer |
| 24:22 | Create | Villager (Male) |
| 24:26 | Build | House |
| 24:36 | Build | House |
| 24:40 | Build | House |
| 24:53 | Build | Farm |
| 25:11 | Build | Farm |
| 25:12 | Create | Villager (Male) |
| 25:14 | Create | Archer |
| 25:18 | Create | Villager (Male) |
| 25:21 | Build | Farm |
| 25:31 | Create | Villager (Male) |
| 25:35 | Build | Farm |
| 25:38 | Build | Farm |
| 25:55 | Create | Villager (Male) |
| 26:05 | Build | Farm |
| 26:08 | Build | Farm |
| 26:10 | Build | Farm |
| 26:13 | Create | Villager (Male) |
| 26:25 | Build | House |
| 26:26 | Build | House |
| 26:29 | Build | Farm |
| 26:30 | Create | Villager (Male) |
| 26:40 | Build | Lumber Camp |
| 26:41 | Create | Villager (Male) |
| 26:49 | Create | Villager (Male) |
Build order — Ligéis
First 150 of 226 actions detected
| 0:30 | Build | Town Center |
| 0:52 | Build | Dock |
| 2:42 | Create | Villager (Male) |
| 2:42 | Create | Villager (Male) |
| 2:42 | Create | Villager (Male) |
| 2:42 | Create | Villager (Male) |
| 2:49 | Research | Loom |
| 2:55 | Create | Villager (Male) |
| 2:56 | Create | Villager (Male) |
| 2:56 | Create | Villager (Male) |
| 3:28 | Create | Villager (Male) |
| 3:34 | Create | Fishing Ship |
| 5:11 | Create | Villager (Male) |
| 5:15 | Build | House |
| 5:41 | Create | Villager (Male) |
| 5:41 | Create | Villager (Male) |
| 5:53 | Create | Fishing Ship |
| 6:24 | Create | Villager (Male) |
| 6:36 | Build | House |
| 6:40 | Create | Villager (Male) |
| 7:22 | Create | Villager (Male) |
| 7:25 | Create | Fishing Ship |
| 7:50 | Create | Fishing Ship |
| 8:05 | Create | Villager (Male) |
| 8:20 | Create | Villager (Male) |
| 8:24 | Build | House |
| 8:38 | Create | Villager (Male) |
| 8:56 | Create | Villager (Male) |
| 9:06 | Build | House |
| 10:06 | Build | Lumber Camp |
| 10:34 | Research | Feudal Age |
| 11:35 | Build | Mill |
| 12:15 | Build | Mining Camp |
| 12:44 | Age | Feudal Age |
| 12:45 | Build | Dock |
| 12:48 | Create | Unit 2626 |
| 12:48 | Create | Unit 2626 |
| 12:56 | Create | Villager (Male) |
| 13:01 | Create | Villager (Male) |
| 13:29 | Create | Unit 2626 |
| 13:47 | Create | Unit 2626 |
| 13:47 | Create | Unit 2626 |
| 13:49 | Create | Villager (Male) |
| 13:54 | Create | Villager (Male) |
| 14:35 | Create | Fire Galley |
| 14:35 | Create | Fire Galley |
| 14:39 | Create | Villager (Male) |
| 15:00 | Create | Villager (Male) |
| 15:11 | Build | Blacksmith |
| 15:12 | Create | Villager (Male) |
| 15:33 | Build | House |
| 16:18 | Build | Market |
| 16:25 | Create | Villager (Male) |
| 17:18 | Research | Castle Age |
| 17:19 | Create | Villager (Male) |
| 18:31 | Create | Villager (Male) |
| 18:42 | Create | Unit 2626 |
| 18:42 | Create | Unit 2626 |
| 18:44 | Research | Forging |
| 18:47 | Create | Villager (Male) |
| 18:54 | Create | Unit 2626 |
| 18:54 | Create | Unit 2626 |
| 19:12 | Build | House |
| 19:39 | Create | Unit 2626 |
| 19:39 | Create | Unit 2626 |
| 19:58 | Age | Castle Age |
| 20:01 | Research | War Galley (upgrade) |
| 20:19 | Build | Town Center |
| 20:27 | Research | Tech 905 |
| 20:28 | Create | Villager (Male) |
| 20:36 | Create | Unit 2626 |
| 21:01 | Create | Villager (Male) |
| 21:01 | Create | Villager (Male) |
| 21:02 | Create | Villager (Male) |
| 21:10 | Build | House |
| 21:21 | Create | Villager (Male) |
| 21:21 | Create | Villager (Male) |
| 21:49 | Create | Unit 2626 |
| 21:50 | Create | Villager (Male) |
| 22:12 | Create | Villager (Male) |
| 22:14 | Create | Villager (Male) |
| 22:45 | Create | Fire Galley |
| 22:45 | Create | Fire Galley |
| 22:50 | Create | Villager (Male) |
| 22:50 | Create | Villager (Male) |
| 22:51 | Create | Villager (Male) |
| 22:52 | Create | Villager (Male) |
| 22:52 | Create | Villager (Male) |
| 22:53 | Create | Villager (Male) |
| 22:53 | Create | Villager (Male) |
| 23:33 | Create | Fishing Ship |
| 23:33 | Create | Fishing Ship |
| 23:49 | Create | Unit 2626 |
| 23:49 | Create | Unit 2626 |
| 23:50 | Create | Villager (Male) |
| 23:51 | Create | Villager (Male) |
| 24:16 | Research | Horse Collar |
| 24:20 | Build | Farm |
| 24:52 | Create | Fire Galley |
| 24:52 | Create | Fire Galley |
| 24:54 | Create | Villager (Male) |
| 24:54 | Create | Villager (Male) |
| 24:54 | Create | Villager (Male) |
| 25:00 | Build | Farm |
| 25:01 | Build | Farm |
| 25:01 | Build | Farm |
| 25:01 | Build | Farm |
| 25:02 | Build | Farm |
| 25:02 | Build | Farm |
| 25:02 | Build | Farm |
| 25:03 | Build | Farm |
| 25:45 | Build | House |
| 25:57 | Create | Fire Galley |
| 26:00 | Build | Dock |
| 26:00 | Create | Villager (Male) |
| 26:03 | Build | Farm |
| 26:47 | Create | Villager (Male) |
| 26:47 | Create | Villager (Male) |
| 26:58 | Build | House |
| 27:38 | Create | Villager (Male) |
| 28:46 | Create | Villager (Male) |
| 29:07 | Build | Castle |
| 29:24 | Build | Castle |
| 29:32 | Create | Villager (Male) |
| 29:32 | Create | Villager (Male) |
| 29:40 | Build | Farm |
| 29:40 | Build | Farm |
| 29:41 | Build | Farm |
| 29:41 | Build | Farm |
| 29:41 | Build | Farm |
| 29:41 | Build | Farm |
| 29:41 | Build | Farm |
| 29:42 | Build | Farm |
| 29:42 | Build | Farm |
| 29:45 | Build | Farm |
| 29:48 | Create | Villager (Male) |
| 29:48 | Create | Villager (Male) |
| 29:48 | Create | Villager (Male) |
| 30:25 | Create | Villager (Male) |
| 30:25 | Create | Villager (Male) |
| 30:45 | Build | House |
| 31:02 | Create | Villager (Male) |
| 31:13 | Build | Lumber Camp |
| 31:21 | Create | Villager (Male) |
| 31:21 | Create | Villager (Male) |
| 31:21 | Create | Villager (Male) |
| 31:22 | Create | Villager (Male) |
| 31:24 | Build | House |
| 31:26 | Build | Farm |
| 31:29 | Create | Villager (Male) |
Build order — [TMG] purple
First 150 of 209 actions detected
| 0:13 | Build | Town Center |
| 1:21 | Build | Palisade Wall |
| 1:26 | Build | Palisade Wall |
| 2:25 | Build | Dock |
| 2:40 | Create | Villager (Male) |
| 2:44 | Create | Villager (Male) |
| 2:45 | Create | Villager (Male) |
| 2:45 | Create | Villager (Male) |
| 2:45 | Create | Villager (Male) |
| 3:46 | Create | Fishing Ship |
| 4:21 | Build | Palisade Gate |
| 4:30 | Research | Loom |
| 4:54 | Build | House |
| 4:55 | Create | Fishing Ship |
| 4:57 | Create | Villager (Male) |
| 5:30 | Create | Fishing Ship |
| 5:30 | Create | Fishing Ship |
| 5:49 | Create | Villager (Male) |
| 6:15 | Create | Fishing Ship |
| 6:25 | Build | House |
| 6:32 | Create | Villager (Male) |
| 6:52 | Create | Villager (Male) |
| 7:04 | Create | Fishing Ship |
| 7:30 | Create | Villager (Male) |
| 7:31 | Create | Villager (Male) |
| 7:32 | Create | Villager (Male) |
| 7:34 | Create | Fishing Ship |
| 7:38 | Create | Villager (Male) |
| 7:39 | Create | Villager (Male) |
| 7:56 | Build | House |
| 8:28 | Create | Villager (Male) |
| 8:28 | Create | Villager (Male) |
| 8:28 | Create | Villager (Male) |
| 8:36 | Create | Fishing Ship |
| 9:02 | Create | Villager (Male) |
| 9:17 | Create | Villager (Male) |
| 9:21 | Create | Fishing Ship |
| 9:27 | Build | House |
| 9:34 | Create | Villager (Male) |
| 10:12 | Create | Villager (Male) |
| 10:30 | Create | Villager (Male) |
| 10:38 | Build | House |
| 10:41 | Build | Palisade Wall |
| 10:46 | Build | House |
| 11:01 | Create | Villager (Male) |
| 11:18 | Build | Mining Camp |
| 11:28 | Build | Mill |
| 11:59 | Build | Lumber Camp |
| 12:01 | Research | Feudal Age |
| 12:45 | Build | House |
| 12:58 | Build | House |
| 13:10 | Build | Dock |
| 13:14 | Build | House |
| 13:50 | Build | Outpost |
| 13:54 | Create | Villager (Male) |
| 13:54 | Create | Villager (Male) |
| 14:15 | Age | Feudal Age |
| 14:26 | Create | Villager (Male) |
| 14:31 | Build | Market |
| 14:35 | Build | Blacksmith |
| 14:54 | Build | House |
| 15:21 | Research | Castle Age |
| 15:30 | Research | Stone Mining |
| 15:42 | Create | Unit 2626 |
| 15:42 | Create | Unit 2626 |
| 16:10 | Create | Unit 2626 |
| 16:10 | Create | Unit 2626 |
| 16:45 | Create | Unit 2626 |
| 17:33 | Research | Double-Bit Axe |
| 18:11 | Age | Castle Age |
| 18:23 | Create | Villager (Male) |
| 18:24 | Create | Villager (Male) |
| 18:29 | Build | Castle |
| 18:36 | Build | Town Center |
| 19:04 | Research | Bow Saw |
| 19:05 | Create | Villager (Male) |
| 20:27 | Build | Lumber Camp |
| 20:30 | Create | Villager (Male) |
| 20:30 | Create | Villager (Male) |
| 20:30 | Create | Villager (Male) |
| 20:35 | Research | Fletching |
| 21:06 | Create | Conquistador |
| 21:57 | Build | Town Center |
| 22:11 | Create | Conquistador |
| 22:16 | Build | Siege Workshop |
| 22:31 | Create | Villager (Male) |
| 22:34 | Create | Villager (Male) |
| 22:42 | Build | House |
| 22:43 | Build | Stone Wall |
| 22:59 | Create | Battering Ram |
| 23:10 | Create | Villager (Male) |
| 23:11 | Create | Villager (Male) |
| 23:11 | Create | Villager (Male) |
| 23:12 | Create | Villager (Male) |
| 23:16 | Build | Farm |
| 23:42 | Build | Farm |
| 23:58 | Build | Farm |
| 24:04 | Create | Villager (Male) |
| 24:05 | Create | Villager (Male) |
| 24:05 | Create | Villager (Male) |
| 24:06 | Create | Villager (Male) |
| 24:17 | Create | Mangonel |
| 24:48 | Create | Conquistador |
| 24:49 | Create | Conquistador |
| 24:49 | Create | Conquistador |
| 25:03 | Create | Battering Ram |
| 25:03 | Create | Battering Ram |
| 25:16 | Create | Conquistador |
| 25:16 | Create | Conquistador |
| 25:34 | Build | Town Center |
| 25:56 | Create | Conquistador |
| 26:04 | Create | Conquistador |
| 27:02 | Research | Town Watch |
| 27:07 | Build | Farm |
| 27:08 | Build | Farm |
| 27:09 | Build | Farm |
| 27:10 | Build | Farm |
| 27:11 | Build | Farm |
| 27:15 | Build | Farm |
| 27:22 | Create | Conquistador |
| 27:22 | Create | Conquistador |
| 28:10 | Create | Battering Ram |
| 28:10 | Create | Battering Ram |
| 28:15 | Create | Conquistador |
| 28:33 | Create | Villager (Male) |
| 29:21 | Create | Villager (Male) |
| 29:25 | Create | Battering Ram |
| 29:25 | Create | Battering Ram |
| 29:25 | Create | Battering Ram |
| 29:27 | Create | Battering Ram |
| 29:29 | Build | Farm |
| 29:30 | Build | Farm |
| 29:31 | Build | Farm |
| 29:32 | Build | Farm |
| 29:33 | Build | Farm |
| 29:34 | Build | Farm |
| 29:35 | Build | Farm |
| 29:36 | Create | Villager (Male) |
| 29:55 | Build | Farm |
| 29:56 | Build | Farm |
| 29:57 | Build | Mill |
| 29:58 | Build | Farm |
| 29:59 | Build | Farm |
| 30:00 | Build | Farm |
| 30:06 | Create | Conquistador |
| 30:40 | Research | Padded Archer Armor |
| 30:41 | Research | Padded Archer Armor |
| 30:44 | Build | House |
| 30:48 | Build | Farm |
| 30:49 | Build | Farm |
Build order — Jesus Omega
First 150 of 314 actions detected
| 0:12 | Build | Town Center |
| 0:46 | Build | Dock |
| 1:31 | Build | House |
| 2:34 | Create | Villager (Male) ×5 |
| 3:08 | Create | Fishing Ship |
| 3:58 | Create | Fishing Ship |
| 4:26 | Create | Villager (Male) |
| 4:58 | Create | Villager (Male) |
| 5:03 | Research | Loom |
| 5:09 | Build | House |
| 5:13 | Create | Fishing Ship |
| 5:13 | Create | Fishing Ship |
| 5:30 | Create | Villager (Male) |
| 5:44 | Create | Villager (Male) |
| 6:01 | Create | Villager (Male) |
| 6:08 | Create | Fishing Ship |
| 6:08 | Create | Fishing Ship |
| 6:22 | Create | Villager (Male) |
| 7:15 | Create | Villager (Male) |
| 7:15 | Create | Villager (Male) |
| 7:18 | Create | Fishing Ship |
| 7:22 | Build | House |
| 7:53 | Build | House |
| 7:57 | Create | Villager (Male) |
| 8:01 | Create | Fishing Ship |
| 8:34 | Create | Villager (Male) |
| 8:39 | Create | Fishing Ship |
| 9:07 | Create | Villager (Male) |
| 9:30 | Build | Mining Camp |
| 9:33 | Create | Villager (Male) |
| 10:00 | Create | Villager (Male) |
| 10:10 | Build | House |
| 10:21 | Research | Feudal Age |
| 10:40 | Build | Mill |
| 11:34 | Build | Dock |
| 11:54 | Create | Villager (Male) |
| 11:54 | Create | Villager (Male) |
| 12:28 | Age | Feudal Age |
| 12:37 | Create | Unit 2626 |
| 12:37 | Create | Unit 2626 |
| 13:04 | Create | Villager (Male) |
| 13:17 | Build | Blacksmith |
| 13:21 | Create | Villager (Male) |
| 13:42 | Create | Villager (Male) |
| 14:16 | Build | Market |
| 14:23 | Create | Villager (Male) |
| 14:29 | Build | House |
| 14:30 | Build | House |
| 14:52 | Research | Castle Age |
| 15:05 | Build | Lumber Camp |
| 15:15 | Create | Unit 2626 |
| 15:21 | Create | Unit 2626 |
| 15:49 | Build | House |
| 16:45 | Research | Forging |
| 17:18 | Age | Castle Age |
| 17:18 | Create | Fire Galley |
| 17:19 | Create | Fire Galley |
| 17:22 | Research | War Galley (upgrade) |
| 17:27 | Create | Villager (Male) |
| 17:37 | Build | Town Center |
| 17:42 | Research | Double-Bit Axe |
| 17:45 | Create | Villager (Male) |
| 18:08 | Create | Fire Galley |
| 18:08 | Create | Fire Galley |
| 18:09 | Create | Villager (Male) |
| 18:25 | Create | Villager (Male) |
| 18:34 | Create | Villager (Male) |
| 18:46 | Build | Town Center |
| 19:03 | Create | Fire Galley |
| 19:03 | Create | Fire Galley |
| 19:05 | Create | Villager (Male) |
| 19:15 | Create | Villager (Male) |
| 19:39 | Create | Villager (Male) |
| 19:40 | Create | Villager (Male) |
| 19:41 | Create | Villager (Male) |
| 19:41 | Create | Villager (Male) |
| 19:41 | Create | Villager (Male) |
| 19:59 | Create | Fire Galley |
| 20:00 | Create | Fire Galley |
| 20:01 | Create | Villager (Male) |
| 20:11 | Create | Villager (Male) |
| 20:13 | Build | Barracks |
| 20:17 | Research | Fletching |
| 20:28 | Build | Farm |
| 20:30 | Build | Farm |
| 21:00 | Create | Villager (Male) |
| 21:00 | Create | Villager (Male) |
| 21:02 | Build | Farm |
| 21:08 | Create | Villager (Male) |
| 21:11 | Build | House |
| 21:12 | Build | House |
| 21:13 | Build | House |
| 21:35 | Build | House |
| 21:36 | Build | House |
| 21:37 | Create | Villager (Male) |
| 21:37 | Create | Villager (Male) |
| 21:41 | Build | Archery Range |
| 21:42 | Build | Archery Range |
| 21:58 | Build | Farm |
| 22:01 | Create | Villager (Male) |
| 22:02 | Research | Wheelbarrow |
| 22:04 | Research | Bow Saw |
| 22:05 | Research | Horse Collar |
| 22:08 | Build | Farm |
| 22:11 | Create | Villager (Male) |
| 22:11 | Create | Villager (Male) |
| 22:12 | Create | Villager (Male) |
| 22:12 | Create | Villager (Male) |
| 22:15 | Research | Bodkin Arrow |
| 22:21 | Create | Skirmisher |
| 22:21 | Create | Skirmisher |
| 22:44 | Create | Villager (Male) |
| 22:44 | Create | Villager (Male) |
| 22:45 | Create | Villager (Male) |
| 22:54 | Build | Farm |
| 22:55 | Build | Farm |
| 22:55 | Build | Farm |
| 22:55 | Build | Farm |
| 23:26 | Create | Villager (Male) |
| 23:27 | Create | Villager (Male) |
| 23:27 | Create | Villager (Male) |
| 23:27 | Create | Villager (Male) |
| 23:27 | Create | Villager (Male) |
| 23:49 | Create | Villager (Male) |
| 23:52 | Research | Elite Skirmisher (upgrade) |
| 23:54 | Create | Skirmisher |
| 23:54 | Create | Skirmisher |
| 23:55 | Create | Villager (Male) |
| 24:01 | Build | Farm |
| 24:01 | Build | Farm |
| 24:02 | Build | Farm |
| 24:02 | Build | Farm |
| 24:02 | Build | Farm |
| 24:17 | Create | Villager (Male) |
| 24:19 | Build | Farm |
| 24:19 | Build | Farm |
| 24:29 | Research | Gold Mining |
| 24:49 | Create | Unit 2626 |
| 24:49 | Create | Unit 2626 |
| 24:51 | Create | Villager (Male) |
| 24:51 | Create | Villager (Male) |
| 24:59 | Build | Farm |
| 24:59 | Build | Farm |
| 25:00 | Build | Farm |
| 25:25 | Create | Villager (Male) |
| 25:26 | Create | Villager (Male) |
| 25:26 | Create | Villager (Male) |
| 25:26 | Create | Villager (Male) |
| 25:27 | Create | Villager (Male) |
| 25:31 | Research | Heavy Plow |
Match timeline
| 0:26 | TabA_ausitin · first_building Dock |
| 0:31 | DugTheDog · first_building Dock |
| 0:42 | TabA_Falcostrix · first_building Dock |
| 0:46 | Jesus Omega · first_building Dock |
| 0:46 | Bycol Wannabe · first_building Dock |
| 0:52 | Ligéis · first_building Dock |
| 1:21 | [TMG] purple · wall_segment Palisade Wall x1 |
| 1:26 | [TMG] purple · wall_segment Palisade Wall x1 |
| 1:46 | far_costa · first_building Dock |
| 2:25 | [TMG] purple · first_building Dock |
| 6:05 | far_costa · wall_segment Palisade Wall x2 |
| 8:12 | TabA_Falcostrix · wall_segment Palisade Wall x1 |
| 10:41 | [TMG] purple · wall_segment Palisade Wall x2 |
| 11:20 | TabA_Falcostrix · first_building Barracks |
| 11:53 | TabA_Falcostrix · age_up feudal |
| 12:08 | TabA_Falcostrix · first_building Archery Range |
| 12:15 | far_costa · wall_segment Palisade Wall x6 |
| 12:19 | far_costa · wall_segment Palisade Wall x2 |
| 12:28 | Jesus Omega · age_up feudal |
| 12:40 | TabA_Falcostrix · wall_segment Palisade Wall x6 |
| 12:44 | Ligéis · age_up feudal |
| 13:24 | TabA_Falcostrix · wall_segment Palisade Wall x1 |
| 13:27 | TabA_Falcostrix · wall_segment Palisade Wall x7 |
| 13:32 | Bycol Wannabe · first_building Barracks |
| 13:53 | TabA_ausitin · age_up feudal |
| 14:02 | DugTheDog · age_up feudal |
| 14:06 | far_costa · age_up feudal |
| 14:15 | [TMG] purple · age_up feudal |
| 14:50 | Bycol Wannabe · age_up feudal |
| 14:51 | Bycol Wannabe · first_building Stable |
| 15:18 | [TMG] purple · first_market_sell 100 food |
| 15:21 | far_costa · first_market_sell 100 wood |
| 15:31 | DugTheDog · first_market_sell 100 wood |
| 15:33 | DugTheDog · first_market_buy 100 stone |
| 17:18 | Jesus Omega · age_up castle |
| 18:01 | Bycol Wannabe · age_up castle |
| 18:05 | far_costa · age_up castle |
| 18:11 | [TMG] purple · age_up castle |
| 18:27 | DugTheDog · age_up castle |
| 18:29 | [TMG] purple · first_building Castle |
| 18:39 | Jesus Omega · first_market_sell 100 food |
| 18:40 | Jesus Omega · first_market_buy 100 wood |
| 19:10 | TabA_ausitin · age_up castle |
| 19:13 | TabA_ausitin · first_building Castle |
| 19:43 | DugTheDog · first_building Siege Workshop |
| 19:51 | DugTheDog · first_building Castle |
| 19:58 | Ligéis · age_up castle |
| 20:08 | TabA_Falcostrix · first_market_sell 500 wood |
| 20:13 | Jesus Omega · first_building Barracks |
| 20:38 | TabA_Falcostrix · first_market_buy 100 food |
| 21:41 | Jesus Omega · first_building Archery Range |
| 21:50 | [TMG] purple · first_market_buy 100 stone |
| 22:16 | [TMG] purple · first_building Siege Workshop |
| 22:43 | [TMG] purple · wall_segment Stone Wall x1 |
| 23:18 | TabA_Falcostrix · age_up castle |
| 24:15 | Ligéis · first_market_buy 100 food |
| 27:33 | TabA_Falcostrix · tribute_sent a jugador 1 |
| 27:33 | TabA_Falcostrix · tribute_sent a jugador 2 |
| 27:33 | TabA_Falcostrix · tribute_sent a jugador 3 |
| 27:33 | TabA_Falcostrix · tribute_sent a jugador 5 |
| 27:33 | TabA_Falcostrix · tribute_sent a jugador 6 |
| 27:33 | TabA_Falcostrix · tribute_sent a jugador 7 |
| 27:33 | TabA_Falcostrix · tribute_sent a jugador 8 |
| 27:34 | Ligéis · tribute_sent a jugador 1 |
| 27:34 | Ligéis · tribute_sent a jugador 2 |
| 27:34 | Ligéis · tribute_sent a jugador 3 |
| 27:34 | Ligéis · tribute_sent a jugador 4 |
| 27:34 | Ligéis · tribute_sent a jugador 5 |
| 27:34 | Ligéis · tribute_sent a jugador 7 |
| 27:34 | Ligéis · tribute_sent a jugador 8 |
| 27:42 | Jesus Omega · first_building Stable |
| 27:46 | Bycol Wannabe · first_building Castle |
| 28:24 | TabA_ausitin · first_building Siege Workshop |
| 28:33 | far_costa · first_building Barracks |
| 28:52 | far_costa · wall_segment Palisade Wall x5 |
| 29:03 | far_costa · first_building Monastery |
| 29:07 | Ligéis · first_building Castle |
| 29:20 | Jesus Omega · first_building Castle |
| 30:50 | TabA_Falcostrix · first_building Castle |
| 31:08 | DugTheDog · first_building Monastery |
| 31:39 | Jesus Omega · tribute_sent a jugador 1 |
| 31:39 | Jesus Omega · tribute_sent a jugador 2 |
| 31:39 | Jesus Omega · tribute_sent a jugador 3 |
| 31:39 | Jesus Omega · tribute_sent a jugador 4 |
| 31:39 | Jesus Omega · tribute_sent a jugador 5 |
| 31:39 | Jesus Omega · tribute_sent a jugador 6 |
| 31:39 | Jesus Omega · tribute_sent a jugador 7 |
| 32:07 | far_costa · first_building Archery Range |
| 32:59 | Ligéis · first_building Monastery |
| 33:00 | TabA_Falcostrix · first_building Siege Workshop |
| 33:12 | Bycol Wannabe · age_up imperial |
| 33:15 | far_costa · wall_segment Stone Wall x13 |
| 33:28 | far_costa · age_up imperial |
| 33:41 | far_costa · first_building Siege Workshop |
| 35:42 | far_costa · first_market_buy 100 wood |
| 36:00 | far_costa · first_building Stable |
| 36:35 | Jesus Omega · age_up imperial |
| 36:38 | far_costa · first_building Castle |
| 38:10 | TabA_ausitin · resign |
[ AI ANALYSIS · 1 CREDIT ]
What really happened in this match?
Wolo.gg analyzes every decision: build order, eco, micro, common mistakes by bracket. Personalized analysis on WhatsApp or Discord in 30 seconds.
Civ guide
Persians
Perfil
Bycol Wannabe